AoeStats
← MeowMe

Coastal Forest

503363613Analyzed
3v3 RM · 1mo ago on Aug 31, 2026· 31m 51s· 6 players
Game mode
Random Map
Map size
Normal (6 player)
Population
200
Speed
Normal
Resources
Standard
Victory
Conquest
Starting age
Dark Age
Ending age
Imperial Age
RankedLock teamsTeams togetherTeam positionsShared explorationLock speedFull tech treeHidden civsTurbo modeCheats
Victory
Defeat
🇷🇺 Berbers · Russia
1543
+11
🇧🇾 Huns · Belarus
1477
+14
🇬🇪 Slavs · Georgia
1362
+19
🇬🇧 Cumans · United Kingdom
1491
-17
🇮🇪 Persians · Ireland
1456
-16
🇳🇱 Muisca · Netherlands
1343
-11
TheMangledBadger
6:20 Loom
8:29 Feudal Age
9:46 Double-Bit Axe
17:53 Forging
19:40 Bloodlines
25:17 Castle Age
25:36 Scale Barding Armor
26:46 Iron Casting
26:29 Bow Saw
26:26 Husbandry
Pep
6:53 Loom
9:30 Feudal Age
9:34 Champi Runner
10:05 Horse Collar
10:25 Double-Bit Axe
15:53 Wheelbarrow
16:35 Horse Collar
17:04 Scale Mail Armor
18:06 Forging
18:55 Town Watch
20:45 Gold Mining
20:49 Stone Mining
24:05 Castle Age
22:01 Gold Mining
24:30 Fletching
24:40 Padded Archer Armor
25:47 Hand Cart
25:34 Heavy Plow
25:45 Bow Saw
26:23 Bodkin Arrow
32:12 Ballistics
Aligmaster
4:20 Loom
10:11 Feudal Age
10:44 Double-Bit Axe
17:08 Fishing Lines
19:24 Wheelbarrow
24:40 Castle Age
25:03 Horse Collar
25:34 Bow Saw
25:49 Forging
25:56 Bloodlines
29:56 Scale Barding Armor
OLADUSHEK
7:23 Loom
9:51 Feudal Age
10:36 Double-Bit Axe
11:03 Fishing Lines
14:35 Bloodlines
14:54 Town Watch
17:23 Wheelbarrow
21:15 Castle Age
19:20 Gold Mining
19:18 Horse Collar
20:05 Forging
20:35 Scale Barding Armor
22:12 Bow Saw
22:48 Gold Shaft Mining
22:37 Chain Barding Armor
23:46 Gillnets
25:04 Husbandry
27:08 Heavy Plow
29:57 Iron Casting
SiraZaika
6:46 Loom
9:50 Feudal Age
10:26 Town Watch
12:47 Double-Bit Axe
21:40 Castle Age
20:09 Forging
20:43 Scale Barding Armor
21:26 Bloodlines
22:45 Chain Barding Armor
23:51 Husbandry
25:10 Fishing Lines
28:29 Iron Casting
MeowMe
5:30 Loom
13:54 Feudal Age
14:21 Double-Bit Axe
14:11 Man-at-Arms
15:50 Scale Mail Armor
16:17 Horse Collar
18:55 Forging
25:19 Castle Age
25:58 Scale Barding Armor
25:48 Stone Mining
28:30 Chain Barding Armor
28:25 Chain Mail Armor
28:46 Iron Casting
28:17 Fletching
28:40 Husbandry
Connection lost

Rejoining the realm…

Still unreachable

The connection could not be restored.

Session expired

The server has moved on; the page needs a fresh start.